 Dungeon Crawl Stone Soup version 0.14-a0-181-gf6fe0c6 (webtiles) character file.

1765 Psiweapon the Reanimator (level 8, -8/57 (62) HPs)
             Began as a Deep Dwarf Necromancer on Sept 22, 2013.
             Mangled by Joseph
             ... wielding a +5,+3 quarterstaff of speed
              (13 damage)
             ... on Level 6 of the Dungeon on Oct 7, 2013.
             The game lasted 00:41:58 (4913 turns).

Psiweapon the Reanimator (Deep Dwarf Necromancer)   Turns: 4913, Time: 00:41:58

HP  -8/57 (62)   AC  6     Str 12      XL: 8   Next: 53%
MP   2/26        EV 15     Int 18      God:
Gold 254         SH  0     Dex 13      Spells:  5 memorised,  6 levels left

Res.Fire  : + . .   See Invis. : .   G - +1 dwarf hand axe
Res.Cold  : . . .   Warding    : +   u - +2 orc robe {rF+}
Life Prot.: + . .   Conserve   : .   (no shield)
Res.Poison: .       Res.Corr.  : .   (no helmet)
Res.Elec. : .       Clarity    : .   N - +0 cloak
Sust.Abil.: . .     Spirit.Shd : .   O - +0 pair of gauntlets
Res.Mut.  : .       Stasis     : .   (no boots)
Res.Rott. : .       Flight     : .   j - amulet of warding
Saprovore : . . .                    X - +3 ring of evasion
                                     D - ring of magical power

@: non-regenerating, very poisoned, somewhat resistant to hostile enchantments,
fairly stealthy
A: damage resistance, recharge devices, sense surroundings 1, slow healing 3
a: Device Recharging


You were on level 6 of the Dungeon.
You were hungry.

You visited 1 branch of the dungeon, and saw 7 of its levels.

You collected 234 gold pieces.

Inventory:

Hand weapons
 g - a +0,+0 mace
 n - a +1,+0 whip of reaching
 w - a +3,+3 quarterstaff of chaos
 F - a +2,+0 spear of chaos
 G - a +1,+1 dwarven hand axe (weapon)
 L - a +3,+1 dagger
 M - a -1,+1 orcish dagger (quivered)
 R - a -1,+0 orcish crossbow
Missiles
 S - 32 bolts
Armour
 u - a +2 orcish robe of fire resistance (worn)
 z - a +1 elven ring mail
 N - a +0 cloak (worn)
 O - a +0 pair of gauntlets (worn)
Magical devices
 c - a wand of heal wounds (4)
 o - a wand of lightning (4)
 q - a wand of hasting (0)
Comestibles
 d - 2 bread rations
 p - a slice of pizza
 J - 2 apples
 T - a cheese
 Y - 12 grapes
Scrolls
 e - a scroll of random uselessness {unknown}
 f - 4 scrolls of identify {unknown}
 h - a scroll of fog {unknown}
 i - a scroll of enchant armour {unknown}
 l - 2 scrolls of magic mapping {unknown}
 m - a scroll of curse weapon {unknown}
 t - a scroll of blinking {unknown}
 y - 3 scrolls of remove curse
 B - 2 scrolls of enchant weapon II {unknown}
 C - a scroll of noise {unknown}
 I - a scroll of recharging {unknown}
 W - a scroll of enchant weapon I {unknown}
 Z - a scroll of amnesia {unknown}
Jewellery
 j - an amulet of warding (around neck)
 D - a ring of magical power (left hand)
 U - an uncursed ring of protection from magic {unknown}
 X - a +3 ring of evasion (right hand)
Potions
 a - a potion of strong poison
 k - a potion of heal wounds
 s - a potion of might {unknown}
 v - a potion of poison {unknown}
 E - 2 potions of curing {unknown}
 H - 2 potions of magic {unknown}
 K - a potion of beneficial mutation {unknown}
 P - 2 potions of agility {unknown}
 Q - a potion of brilliance {unknown}
 V - a potion of invisibility {unknown}
Books
 b - a book of Necromancy

   Spells                             Type                      Level
   *Pain                              Necromancy                   1
   *Animate Skeleton                  Necromancy                   1
   Lethal Infusion                    Charms/Necromancy            2
   *Vampiric Draining                 Necromancy                   3
   Regeneration                       Charms/Necromancy            3
   Animate Dead                       Necromancy                   4
   Control Undead                     Necromancy                   4
 x - a book of Conjurations

   Spells                             Type                      Level
   *Magic Dart                        Conjuration                  1
   Searing Ray                        Conjuration                  2
   Dazzling Spray                     Conjuration/Hexes            3
   Iskenderun's Mystic Blast          Conjuration                  4
   Iskenderun's Battlesphere          Conjuration/Charms           4
   Fulminant Prism                    Conjuration/Hexes            5
 A - a book of Geomancy

   Spells                             Type                      Level
   Sandblast                          Earth                        1
   *Stoneskin                         Transmutation/Earth          2
   Passwall                           Transmutation/Earth          3
   Stone Arrow                        Conjuration/Earth            3
   Petrify                            Transmutation/Earth          4
   Lee's Rapid Deconstruction         Earth                        5


   Skills:
 + Level 2.2 Axes
 - Level 4.5 Crossbows
 - Level 2.1 Dodging
 - Level 2.4 Stealth
 + Level 3.9 Spellcasting
 - Level 8.5 Necromancy
 + Level 2.8 Transmutations
 - Level 4.0 Earth Magic


You had 6 spell levels left.
You knew the following spells:

 Your Spells              Type           Power        Failure   Level  Hunger
a - Pain                  Necr           ####         1%          1    None
b - Vampiric Draining     Necr           ####......   1%          3    ###....
c - Stoneskin             Trmt/Erth      ###.......   8%          2    ##.....
d - Animate Skeleton      Necr           N/A          1%          1    None
e - Magic Dart            Conj           #...         17%         1    None


Dungeon Overview and Level Annotations

Branches:
Dungeon (7/27)             Temple (0/1) D:7
    Orc: D:6-11

Altars:
Xom
the Shining One
Jiyva

Annotations:
D:2 1 exclusion
D:4 Menkaure
D:6 Joseph


Innate Abilities, Weirdness & Mutations

You are resistant to damage.
You can recharge devices by infusing magical energy.
You passively map a small area around you.
You do not heal naturally.


Message History

You feel extremely sick. The orc hits you with an orcish flail.
* * * LOW HITPOINT WARNING * * *
Casting: Vampiric Draining
Confirm with . or Enter, or press ? or * to list all spells.
Aiming: Vampiric Draining
Press: ? - help, Shift-Dir - straight line, f - orc, p - Joseph
Aim: an orc, wielding an orcish flail and wearing an orcish leather armour (lightly wounded)
The orc is severely wounded.
You feel life coursing into your body.
* * * LOW HITPOINT WARNING * * *
You feel extremely sick.
You hit the orc.
You kill the orc!
* * * LOW HITPOINT WARNING * * *
You feel very sick.
Joseph zaps a wand.
You resist.
You feel a little better.
Joseph hits you with an uncursed runed quarterstaff!
You die...

####'### #. # #.# # *.. ##
#. ######### ## (# ####.####
#.......#####. .#
####......>####.......##....
.#
#.......[(%##.'.......'..###
.#
#.##......@@..#.......####
.# ##. *#.......####.......#
.#....#*#.......# #.......#
...# ** #.......# #.......#
.### ####.#### #.......# ##
#. * ####'#### ## #. #..##
.# ##, ##..# %##### #.#


You could see Joseph.

Vanquished Creatures
  Sigmund (D:4)
  A phantom (D:5)
  An ice beast (D:5)
  3 ogres
  3 centaurs
  A goliath beetle (D:6)
  3 crimson imps
  A jelly (D:5)
  Crazy Yiuf (D:2)
  A scorpion (D:4)
  4 orc wizards
  2 hounds
  3 worker ants
  Ijyb (D:3)
  An ogre skeleton (D:5)
  9 adders
  3 gnolls
  A giant mite (D:5)
  An adder skeleton (D:6)
  7 giant geckos
  5 oozes
  9 orcs
  A ball python (D:3)
  14 bats
  4 giant cockroaches
  7 goblins
  11 hobgoblins
  2 jackals (D:2)
  11 kobolds
  5 quokkas
  5 giant newts
  A kobold skeleton (D:5)
  8 rats
  A rat skeleton (D:5)
  A rat zombie (D:6)
133 creatures vanquished.

Vanquished Creatures (collateral kills)
  A hound (D:6)
  A worm (D:4)
  An ooze (D:5)
  A goblin (D:6)
  A kobold skeleton (D:6)
5 creatures vanquished.

Vanquished Creatures (others)
  2 ogre skeletons (D:4)
  2 hound skeletons
  An adder skeleton (D:6)
  A hobgoblin (D:2)
  A goblin skeleton (D:5)
  2 hobgoblin skeletons
  A kobold skeleton (D:5)
  An orc skeleton (D:6)
11 creatures vanquished.

Grand Total: 149 creatures vanquished

Notes
Turn   | Place    | Note
--------------------------------------------------------------
     0 | D:1      | Psiweapon, the Deep Dwarf Necromancer, began the quest for the Orb.
     0 | D:1      | Reached XP level 1. HP: 15/15 MP: 3/3
   397 | D:1      | Reached XP level 2. HP: 22/22 MP: 2/4
   468 | D:1      | Reached skill level 5 in Necromancy
  1087 | D:2      | Reached XP level 3. HP: 22/28 MP: 5/5
  1111 | D:2      | Learned a level 3 spell: Vampiric Draining
  1203 | D:2      | Found a glowing golden altar of the Shining One.
  1447 | D:2      | Found a shimmering altar of Xom.
  1459 | D:2      | Reached skill level 6 in Necromancy
  1652 | D:2      | Reached XP level 4. HP: 32/36 MP: 7/7
  2000 | D:2      | Noticed Crazy Yiuf
  2007 | D:2      | Killed Crazy Yiuf
  2225 | D:3      | Reached skill level 7 in Necromancy
  2225 | D:3      | Reached XP level 5. HP: 36/42 MP: 8/8
  2359 | D:3      | Noticed Ijyb
  2373 | D:3      | Killed Ijyb
  2435 | D:3      | Learned a level 2 spell: Stoneskin
  2471 | D:3      | Reached skill level 1 in Crossbows
  2696 | D:4      | Noticed an ogre
  2699 | D:4      | Killed an ogre
  2699 | D:4      | Reached XP level 6. HP: 47/49 MP: 9/9
  2702 | D:4      | Learned a level 1 spell: Animate Skeleton
  2848 | D:5      | Entered Level 5 of the Dungeon
  3137 | D:4      | Noticed an ogre
  3142 | D:4      | Noticed Sigmund
  3145 | D:4      | Killed an ogre
  3145 | D:4      | Reached skill level 8 in Necromancy
  3185 | D:4      | Killed Sigmund
  3185 | D:4      | Reached XP level 7. HP: 19/55 MP: 1/10
  3363 | D:4      | Noticed Menkaure
  3512 | D:5      | Reached skill level 1 in Earth Magic
  3670 | D:5      | Found a viscous altar of Jiyva.
  3729 | D:5      | Reached XP level 8. HP: 52/62 MP: 6/15
  3873 | D:5      | Reached skill level 1 in Transmutations
  4579 | D:6      | Reached skill level 1 in Axes
  4655 | D:6      | Upgraded the game from 0.13-a0-3140-gbdcfb35 to 0.14-a0-181-gf6fe0c6
  4710 | D:7      | Found a staircase to the Ecumenical Temple.
  4711 | D:7      | Noticed Joseph
  4861 | D:6      | Learned a level 1 spell: Magic Dart
  4913 | D:6      | Mangled by Joseph

Action                   |  1- 3 |  4- 6 |  7- 9 || total
-------------------------+-------+-------+-------++-------
Melee: Mace              |     3 |       |       ||     3
       Whip              |    24 |       |       ||    24
       Hand axe          |    23 |    22 |    76 ||   121
       Crossbow          |       |     1 |       ||     1
 Fire: Crossbow          |       |    56 |    59 ||   115
Throw: Dagger            |     5 |       |       ||     5
 Cast: Pain              |    53 |    19 |    11 ||    83
       Vampiric Draining |     7 |    26 |    52 ||    85
       Animate Skeleton  |       |     4 |    14 ||    18
       Stoneskin         |       |     3 |     4 ||     7
Evoke: Wand              |       |     1 |     2 ||     3
  Use: Potion            |       |     1 |     6 ||     7
       Scroll            |       |       |     2 ||     2
 Stab: Sleeping          |       |     5 |     2 ||     7
